Map: Abiogenesis LE

Players

ILIEKEGGPIE - Winner!

  • Race: Protoss Protoss
  • League: Platinum
  • Spawn Location: 11:00

Philadelphia

  • Race: Terran Terran
  • League: Gold
  • Spawn Location: 5:00

VOD

Have the link to the VOD?

Description

Time

  • Played on: April 8, 2018, 12:27 a.m.
  • Length: 22:24
Show
View Real Time Build Order
Export as new Build Order

ILIEKEGGPIE Protoss - Winner!

Build Orders:  

Get SALT Encoding   

  12  0:01  Probe  
  13  0:13  Probe  
  14  0:18  Pylon  
  14  0:25  Probe  
  15  0:37  Probe  
  15  0:38  Gateway  
  16  0:47  Assimilator  
  16  0:50  Probe (Chrono Boost)  
  17  1:00  Probe (Chrono Boost)  
  18  1:05  Probe (Chrono Boost)  
  19  1:12  Pylon  
  19  1:17  Probe  
  20  1:30  Cybernetics Core  
  20  1:35  Assimilator  
  19  1:53  Probe (Chrono Boost)  
  20  1:57  Nexus  
  20  2:03  Probe (Chrono Boost)  
  20  2:08  Probe (Chrono Boost)  
  21  2:12  Stalker (Chrono Boost)  
  21  2:15  Warp Gate  
  24  2:19  Probe  
  25  2:34  Gateway  
  24  2:59  Probe  
  25  3:06  Pylon  
  25  3:09  Probe  
  25  3:12  Probe (Chrono Boost)  
  27  3:18  Robotics Facility  
  27  3:21  Probe (Chrono Boost)  
  27  3:27  Stalker  
  31  3:30  Probe (Chrono Boost)  
  31  3:31  Probe (Chrono Boost)  
  32  3:36  Probe x2 (Chrono Boost)  
  34  3:43  Gateway  
  34  3:46  Gateway  
  34  3:48  Probe (Chrono Boost)  
  36  3:52  Probe (Chrono Boost)  
  36  3:59  Probe (Chrono Boost)  
  37  4:06  Observer  
  40  4:17  Probe (Chrono Boost)  
  40  4:22  Probe (Chrono Boost)  
  40  4:26  Probe (Chrono Boost)  
  40  4:27  Observer  
  40  4:28  Pylon  
  40  4:30  Probe (Chrono Boost)  
  43  4:31  Probe (Chrono Boost)  
  44  4:41  Probe, Stalker x2  
  44  4:43  Probe  
  41  5:13  Immortal (Chrono Boost)  
  44  5:25  Robotics Bay  
  44  5:31  Gateway  
  44  5:32  Gateway  
  44  5:34  Gateway  
  44  5:35  Pylon  
  44  5:38  Pylon  
  44  5:39  Probe (Chrono Boost)  
  44  5:40  Assimilator  
  46  5:44  Assimilator, Probe (Chrono Boost)  
  46  5:45  Immortal (Chrono Boost)  
  50  6:02  Probe x2  
  52  6:14  Stalker x4  
  58  6:29  Extended Thermal Lance (Chrono Boost)  
  58  6:33  Colossus  
  64  6:44  Probe (Chrono Boost)  
  66  6:48  Stalker x2  
  66  6:49  Probe (Chrono Boost), Stalker x3  
  76  6:57  Probe (Chrono Boost)  
  77  7:11  Probe  
  77  7:12  Probe  
  77  7:19  Pylon  
  73  7:50  Forge x2  
  73  7:53  Observer (Chrono Boost)  
  73  7:54  Stalker  
  73  7:55  Stalker x3  
  82  8:06  Stalker  
  82  8:07  Stalker  
  86  8:16  Pylon  
  86  8:18  Pylon  
  86  8:34  Observer (Chrono Boost), Photon Cannon  
  83  8:47  Immortal (Chrono Boost), Photon Cannon  
  85  9:02  Stalker x3  
  86  9:29  Stalker  
  86  9:30  Stalker, Sentry x3  
  86  9:31  Sentry  
  98  9:36  Probe (Chrono Boost)  
  100  9:41  Probe (Chrono Boost)  
  101  9:45  Probe (Chrono Boost), Protoss Ground Weapons Level 1 (Chrono Boost)  
  101  9:49  Probe (Chrono Boost)  
  102  9:55  Probe  
  101  10:00  Probe  
  102  10:30  Pylon  
  102  10:31  Pylon  
  102  10:40  Pylon  
  102  10:41  Protoss Ground Armor Level 1  
  102  10:42  Pylon, Nexus  
  102  10:45  Pylon  
  102  10:46  Twilight Council  
  102  10:47  Pylon  
  102  10:49  Probe x2  
  104  11:01  Probe x2  
  106  11:10  Immortal (Chrono Boost)  
  112  11:13  Probe x2  
  112  11:20  Robotics Facility  
  112  11:22  Robotics Facility  
  112  11:34  Stalker x2, Sentry x2  
  118  12:14  Probe x3  
  118  12:15  Immortal x2  
  115  12:16  Immortal  
  119  12:29  Stalker x4  
  119  12:46  Assimilator  
  119  12:47  Probe x3  
  119  12:50  Assimilator  
  122  12:52  Protoss Ground Weapons Level 2 (Chrono Boost)  
  122  12:53  Protoss Ground Armor Level 2 (Chrono Boost)  
  122  12:58  Pylon  
  122  12:59  Probe  
  83  13:23  Immortal (Chrono Boost)  
  77  13:28  Stalker x4  
  77  13:30  Immortal (Chrono Boost)  
  85  13:54  Immortal (Chrono Boost)  
  85  13:57  Immortal (Chrono Boost)  
  84  14:17  Stalker x2  
  84  14:18  Stalker x2  
  92  14:29  Immortal x2  
  100  14:59  Probe x3  
  101  15:11  Probe  
  101  15:14  Stalker x4  
  106  15:15  Sentry x3  
  116  15:23  Pylon  
  116  15:25  Pylon  
  116  15:48  Nexus  
  110  15:51  Pylon x2  
  110  15:55  Pylon  
  100  16:06  Stalker x3  
  100  16:08  Blink (Chrono Boost)  
  100  16:11  Templar Archives  
  106  16:21  Protoss Ground Armor Level 3 (Chrono Boost)  
  106  16:28  Protoss Ground Weapons Level 3 (Chrono Boost)  
  102  17:03  Stargate  
  98  17:55  Stalker x2, Stargate  
  98  17:56  Stalker x2  
  106  18:05  Assimilator  
  106  18:09  Fleet Beacon  
  106  18:10  Assimilator  
  102  18:49  Stalker x4  
  102  18:50  Zealot x3  
  116  19:22  Tempest (Chrono Boost)  
  116  19:23  Tempest (Chrono Boost)  
  116  19:30  Stalker x4  
  116  19:31  Stalker x2  
  140  19:41  Pylon  
  140  19:45  Pylon  
  140  19:56  Tempest x2 (Chrono Boost)  
  152  20:02  Stalker x2  
  152  20:03  Stalker x5  
  166  20:26  Protoss Shields Level 1 (Chrono Boost)  
  166  20:28  Protoss Air Weapons Level 1 (Chrono Boost)  
  166  20:32  Tempest x2 (Chrono Boost)  
  190  21:12  Tempest x2 (Chrono Boost)  
  190  21:26  Colossus  
  196  21:57  Stalker  
  196  21:58  Stalker  
Show
View Real Time Build Order
Export as new Build Order

Philadelphia Terran 

Build Orders: Reaper Expand, Mech 

Get SALT Encoding   

  12  0:01  SCV  
  13  0:13  SCV  
  14  0:18  Supply Depot  
  14  0:25  SCV  
  15  0:30  Refinery  
  15  0:43  Barracks  
  15  0:46  SCV  
  16  1:02  SCV  
  17  1:14  SCV  
  18  1:37  Reaper  
  19  1:44  Orbital Command  
  19  1:56  Command Center  
  19  2:06  Supply Depot  
  19  2:10  SCV  
  20  2:19  Barracks Reactor  
  21  2:22  SCV  
  21  2:26  Refinery  
  21  2:43  Factory  
  21  2:44  SCV  
  21  2:48  Engineering Bay  
  22  2:58  Marine x2  
  24  3:00  SCV  
  25  3:08  Supply Depot  
  25  3:11  Orbital Command  
  25  3:20  Missile Turret  
  25  3:34  Cyclone  
  28  3:39  Cyclone  
  31  3:49  Missile Turret  
  31  3:54  SCV x2  
  33  4:06  SCV  
  33  4:08  Starport  
  33  4:09  Barracks Tech Lab  
  33  4:19  SCV x2  
  35  4:26  Bunker  
  35  4:30  Marine  
  36  4:31  SCV  
  37  4:50  SCV x2  
  37  4:52  Cyclone  
  42  4:53  Cyclone  
  42  5:18  Banshee  
  45  5:21  Cloaking Field  
  45  5:31  Barracks Tech Lab  
  45  5:33  Factory x2  
  45  5:40  Supply Depot x2  
  45  5:45  Refinery  
  45  5:48  Refinery  
  48  5:50  Cyclone  
  48  5:51  Hellion  
  50  6:03  Supply Depot  
  50  6:28  SCV x2  
  52  6:40  SCV x2  
  52  6:43  Command Center  
  52  6:47  Armory  
  54  6:49  Factory Tech Lab  
  54  6:50  Armory  
  54  6:52  SCV x2  
  54  6:53  Cyclone x2  
  62  7:03  Siege Tank  
  62  7:04  SCV x2  
  67  7:15  Banshee  
  70  7:16  SCV  
  71  7:51  Siege Tank  
  74  7:53  Hellion x2  
  74  7:55  Thor  
  84  8:02  Orbital Command  
  84  8:05  Supply Depot x2  
  84  8:07  Supply Depot  
  84  8:10  Missile Turret  
  84  8:11  Terran Vehicle Weapons Level 1  
  84  8:15  Terran Vehicle And Ship Armor Level 1  
  84  8:21  SCV  
  84  8:22  SCV  
  64  8:46  Cyclone x4  
  73  9:18  Cyclone  
  73  9:32  Cyclone  
  73  9:33  Thor, Cyclone  
  85  10:01  SCV  
  85  10:05  Siege Tank  
  87  10:14  Liberator  
  87  10:18  Siege Tank  
  90  10:37  Siege Tank  
  90  10:40  Terran Vehicle Weapons Level 2  
  93  10:42  Command Center  
  93  10:50  Siege Tank  
  93  10:51  Cyclone  
  90  12:11  Cyclone x2  
  90  12:12  Cyclone x2  
  85  12:43  Thor  
  85  12:44  Thor, Hellion x2  
  101  13:05  Hellion x2, Command Center  
  89  13:26  Hellion  
  89  13:27  Cyclone, Hellion x2  
  83  13:39  Liberator  
  83  13:40  Orbital Command  
  83  13:48  Widow Mine, Cyclone x2  
  91  13:59  Siege Tank  
  97  14:09  Siege Tank  
  83  14:30  SCV  
  83  14:31  Siege Tank  
  84  14:36  Refinery, Planetary Fortress  
  84  14:37  Refinery  
  84  14:39  Missile Turret  
  84  14:41  Siege Tank  
  84  14:42  SCV  
  85  15:10  Orbital Command  
  80  15:15  Siege Tank x2  
  86  15:28  SCV  
  87  15:40  SCV  
  88  15:42  Terran Vehicle And Ship Armor Level 2  
  88  15:47  Siege Tank  
  81  15:52  SCV  
  53  16:04  SCV x2  
  49  16:10  Liberator  
  49  16:16  SCV x2  
  51  16:23  Siege Tank  
  51  16:24  Siege Tank  
  57  16:26  Hellion x2  
  57  16:28  SCV  
  66  16:40  SCV  
  64  16:47  Hellion x2  
  64  16:52  SCV  
  69  16:56  Siege Tank x2  
  75  17:08  Cyclone, Hellion  
  80  17:19  Command Center  
  80  17:25  Drilling Claws  
  80  17:28  Siege Tank, Cyclone  
  89  17:30  Cyclone  
  83  17:40  Cyclone  
  77  18:00  Widow Mine x2  
  77  18:02  Widow Mine  
  79  18:08  Orbital Command  
  79  18:11  Refinery x2  
  79  18:13  Widow Mine  
  81  18:21  Widow Mine  
  81  18:22  Widow Mine  
  85  18:30  Hellion  
  87  18:34  Hellion  
  70  18:42  Thor  
  70  18:43  Hellion  
  78  18:51  Hellion  
  80  19:04  Thor  
  86  19:12  Widow Mine x2  
  81  19:26  Orbital Command, Widow Mine  
  83  19:33  Widow Mine  
  83  19:34  Widow Mine  
  87  19:47  Siege Tank, Widow Mine  
  90  20:03  Raven  
  92  20:08  Siege Tank  
  95  20:15  Infernal Pre-Igniter  
  95  20:19  Siege Tank  
  95  20:20  Hellion x2  
  102  20:40  Siege Tank  
  102  20:42  Hellion x2  
  109  20:49  SCV  
  108  20:51  Hellion  
  110  21:01  SCV  
  110  21:03  Hellion  
  113  21:09  Viking  
  115  21:13  SCV  
  116  21:25  SCV  
  117  21:37  SCV  
  117  21:39  Viking  
Tags
 
Composition
Mech
Matchup
PvT
Replay Pack
Multi
Spawn Locations
Cross Positions
Add a new tag
Caveats
  • Supply blocks, unpowered buildings, or Contaminate may cause inaccurate times.
  • Supply counts are checked every 10 seconds.